 Dungeon Crawl Stone Soup version 0.30-a0-469-g84de5afbc5 (webtiles) character file.

Game seed: 8500799381039219152

11216 cehpaloo the Basher (level 11, -19/117 HPs)
             Began as a Troll Fighter on Dec 19, 2022.
             Was a High Priest of Trog.
             Demolished by an orc knight
             ... wielding a +2 great mace
              (23 damage)
             ... on level 2 of the Orcish Mines.
             The game lasted 01:51:28 (9632 turns).

cehpaloo the Basher (Troll Fighter)                 Turns: 9632, Time: 01:51:28

Health: -19/117    AC:  8    Str: 28    XL:     11   Next: 46%
Magic:  11/11      EV: 12    Int:  4    God:    Trog [*****.]
Gold:   723        SH: 10    Dex: 17    Spells: 12/12 levels left

rFire   + . .      SeeInvis +    o - +6 war axe of Darkness {drain, rCorr SInv}
rCold   . . .      Faith    .    c - +0 kite shield
rNeg    + . .      Spirit   .    v - +2 robe {rF+}
rPois   .          Reflect  .    (helmet restricted)
rElec   .          Harm     .    z - +1 cloak
rCorr   +          Rampage  .    (gloves unavailable)
Will    .....                    (boots unavailable)
Stlth   ++........               C - amulet of regeneration
HPRegen 1.99/turn                k - +6 ring of dexterity
MPRegen 0.12/turn                J - ring of positive energy

@: mighty
A: large, unfitting armour, claws 3, regeneration 1, shaggy fur 1, tough skin 1,
horns 1, robust 1
a: Renounce Religion, Berserk, Trog's Hand, Brothers in Arms


You were on level 2 of the Orcish Mines.
You worshipped Trog.
Trog was extremely pleased with you.
You visited 3 branches of the dungeon, and saw 13 of its levels.

You collected 723 gold pieces.

Inventory:

Hand Weapons
 a - a +0 rapier of flaming
 d - a +2 halberd
 l - a +2 flail of holy wrath
 o - the +6 war axe of Darkness (weapon) {drain, rCorr SInv}
   (You found it on level 10 of the Dungeon)

   A truly terrible weapon, it drains the life of any living foe it strikes.
   SInv:      It lets you see invisible.
   rCorr:     It protects you from acid and corrosion.
 p - a +3 spectral flail
 s - a +3 flail
 u - a +0 whip of venom
 E - a +3 whip
 G - a +2 whip of venom
 I - a +2 flail of draining
 P - a +4 great sword
Missiles
 f - 106 stones
 m - 5 atropa-tipped darts
 B - 33 poisoned darts (quivered)
 D - a throwing net
 L - 8 large rocks
Armour
 c - a +0 kite shield (worn)
 v - a +2 robe of fire resistance (worn)
 z - a +1 cloak (worn)
Jewellery
 k - a +6 ring of dexterity (left claw)
 C - an amulet of regeneration (around neck)
 J - a ring of positive energy (right claw)
 N - a ring of protection from fire
 R - a ring of poison resistance
 U - a ring of fire
Wands
 w - a wand of paralysis (7)
 x - a wand of roots (4)
 y - a wand of quicksilver (15)
 Q - a wand of polymorph (1)
 W - a wand of mindburst (6)
Scrolls
 e - 2 scrolls of magic mapping
 h - 4 scrolls of teleportation
 r - a scroll of brand weapon
 A - a scroll of silence
 F - 2 scrolls of identify
 M - 2 scrolls of amnesia
 O - a scroll of poison
 T - a scroll of fear
 X - a scroll of torment
 Y - a scroll of blinking
Potions
 g - 2 potions of lignification
 i - 2 potions of brilliance
 j - 2 potions of flight {unknown}
 n - 2 potions of haste {unknown}
 q - 3 potions of mutation
 t - 5 potions of curing
 S - 2 potions of berserk rage
 V - a potion of resistance {unknown}
 Z - a potion of attraction {unknown}


   Skills:
 + Level 6.6 Fighting
 + Level 0.7 Short Blades
 + Level 2.2(6.3) Axes
 + Level 10.2(10.3) Maces & Flails
 + Level 1.7 Throwing
 + Level 6.9 Dodging
 + Level 3.2 Stealth
 + Level 7.4 Shields
 - Level 1.1 Spellcasting


You had 12 spell levels left.
You didn't know any spells.
Your spell library contained the following spells:

 Spells                   Type           Power      Damage    Failure   Level
 Static Discharge         Conj/Air       0%         2-2/arc   85%         2
 Gell's Gravitas          Tloc           0%         N/A       97%         3
 Teleport Other           Tloc           0%         N/A       97%         3
 Vhi's Electric Charge    Tloc/Air       0%         N/A       97%         3
 Arcjolt                  Conj/Air       0%         1d10      100%        5
 Lightning Bolt           Conj/Air       0%         1d11      100%        5
 Dispersal                Tloc           0%         N/A       100%        6


Dungeon Overview and Level Annotations

Branches:
Dungeon (10/15)            Temple (1/1) D:4            Lair (0/5) D:10
    Orc (2/2) D:10
    Elf: Orc:2

Altars:
Ashenzari
Cheibriados
Dithmenos
Elyvilon
Fedhas
Gozag
Hepliaklqana
Kikubaaqudgha
Makhleb
Nemelex Xobeh
Okawaru
Qazlal
Ru
Sif Muna
Trog
Uskayaw
Vehumet
Wu Jian
Xom
Yredelemnul
Zin
The Shining One

Shops:
D:3 (   D:9 *[


Innate Abilities, Weirdness & Mutations

You are too large for most types of armour.
You have claws for hands.
Your natural rate of healing is unusually fast.
You are covered in fur. (AC +1)
You have tough skin. (AC +1)
You have a pair of small horns on your head.
You are robust. (+10% HP)


Message History

You slash the troll! You drain the troll. Your headbutt misses the troll.
The troll is moderately wounded.
You barely miss the orc knight.
An orc warrior comes into view. It is wielding a +0 dire flail.
You block the troll's attack. x2; The troll closely misses you.
The orc knight roars a battlecry!
The orc warrior goes into a battle-frenzy!
The orc warrior barely misses you.
The orc priest mumbles some strange prayers to Beogh against you.
Beogh smites you!
You slice the troll!! You drain the troll.
You kill the troll!
Trog accepts your kill.
You closely miss the orc knight. The orc knight closely misses you.
The orc warrior barely misses you.
An orc comes into view. It is wielding a +0 hand axe.
The orc knight roars a battlecry!
The orc goes into a battle-frenzy!
The orc warrior closely misses you.
Items here: ))))) [[ ††††.
You slash the orc knight! Your headbutt misses the orc knight.
The orc knight is severely wounded.
You slash the orc warrior! You drain the orc warrior.
The orc knight hits you with a +2 great mace!!
* * * LOW HITPOINT WARNING * * *
The orc warrior hits you with a +0 glaive!
* * * LOW HITPOINT WARNING * * *
You block the orc knight's attack.
The orc warrior hits you with a +0 glaive!
* * * LOW HITPOINT WARNING * * *
An orc comes into view. It is wielding a +0 club.
The orc priest closely misses you.
The orc priest attacks as you move away!
The orc priest hits you with a +2 vorpal flail.
* * * LOW HITPOINT WARNING * * *
x2 You block the orc knight's attack.
Items here: $ ))))) [[ †††.
The orc knight attacks as you move away!
The orc knight hits you with a +2 great mace!!
You die...

§§§.....................
§§§.....o.............
#≈§§..........$......
#§≈§..$..o..........
#≈§..#.............
§≈§##.oo..........
≈##§.##o.##......
≈≈##≈.##oo##.....
≈≈≈≈....@)......
........).......
................
§...............
§≈≈≈............
§≈##≈.##..##.... # #≈.
#..# .... §## .... ...


You could see an orc knight (very drained), 2 orc warriors, an orc priest
(strong) and 3 orcs.

Vanquished Creatures
  A two-headed ogre (D:9)
  An orc sorcerer (Orc:2)
  A troll (Orc:2)
  A hornet (D:9)
  A wraith (D:9)
  22 yaks
  A steam dragon (D:9)
  3 wargs
  Edmund (D:4)
  A water moccasin (D:8)
  A sky beast (D:7)
  An ice beast (D:8)
  16 orc warriors
  2 black bears
  4 ogres
  4 centaurs
  6 kobold brigands
  A gnoll sergeant (D:9)
  Blork the orc (D:6)
  A scorpion (D:7)
  3 bullfrogs
  2 necrophages
  12 wights
  3 killer bees (D:10)
  2 electric eels (D:10)
  6 hounds
  11 orc priests
  A jelly (D:5)
  A gnoll bouda (D:8)
  Terence (D:3)
  6 iguanas
  17 orc wizards
  Robin (D:3)
  17 gnolls
  8 adders
  2 shadow imps
  3 white imps
  2 ufetubi
  2 dart slugs
  50 orcs
  A bat (D:1)
  6 endoplasms
  9 giant cockroaches
  14 goblins
  10 hobgoblins
  8 quokkas
  4 ball pythons
  A frilled lizard (D:2)
  24 kobolds
  4 rats
301 creatures vanquished.

Vanquished Creatures (others)
  3 plants
3 creatures vanquished.

Grand Total: 304 creatures vanquished

Notes
Turn   | Place    | Note
-------+----------+-------------------------------------------
     0 | D:1      | cehpaloo the Troll Fighter began the quest for the Orb.
     0 | D:1      | Reached XP level 1. HP: 22/22 MP: 0/0
   133 | D:1      | Reached XP level 2. HP: 29/29 MP: 1/1
   331 | D:1      | Reached skill level 2 in Maces & Flails
   746 | D:2      | Reached XP level 3. HP: 36/36 MP: 2/2
   771 | D:2      | Found a faded altar of an unknown god.
  1344 | D:3      | Reached XP level 4. HP: 44/44 MP: 3/3
  1486 | D:3      | Found a blossoming altar of Fedhas.
  1669 | D:3      | Noticed Robin
  1681 | D:3      | Killed Robin
  1779 | D:3      | Found Kiycask's Weapon Boutique.
  1905 | D:3      | Noticed Terence
  1915 | D:3      | Killed Terence
  2350 | D:4      | Found a shimmering altar of Xom.
  2419 | D:4      | Reached XP level 5. HP: 52/52 MP: 4/4
  2465 | D:4      | Reached skill level 3 in Maces & Flails
  2618 | D:4      | Reached XP level 6. HP: 59/59 MP: 6/6
  2683 | D:4      | Reached skill level 1 in Spellcasting
  2740 | D:4      | Found a staircase to the Ecumenical Temple.
  2751 | Temple   | Entered the Ecumenical Temple
  2909 | Temple   | Became a worshipper of Trog the Wrathful
  3083 | D:4      | Noticed Edmund
  3146 | D:4      | Killed Edmund
  3147 | D:4      | Reached XP level 7. HP: 11/67 MP: 7/7
  3348 | D:4      | Reached skill level 4 in Maces & Flails
  3428 | D:5      | Entered Level 5 of the Dungeon
  4035 | D:5      | Found a shimmering blue altar of Sif Muna.
  4059 | D:5      | Gained mutation: You are robust. (+10% HP) [potion of
                  | mutation]
  4059 | D:5      | Gained mutation: You have a pair of small horns on your
                  | head. [potion of mutation]
  4380 | D:6      | Noticed Blork the orc
  4394 | D:6      | Killed Blork the orc
  4395 | D:6      | Reached skill level 1 in Stealth
  4510 | D:6      | Reached XP level 8. HP: 83/83 MP: 8/8
  4815 | D:6      | Reached skill level 5 in Maces & Flails
  5081 | D:6      | Reached * piety under Trog
  5416 | D:7      | Reached skill level 5 in Dodging
  5486 | D:7      | Found a burning altar of Makhleb.
  5510 | D:7      | Reached skill level 5 in Shields
  5519 | D:7      | Reached skill level 6 in Maces & Flails
  5789 | D:7      | Reached ** piety under Trog
  6234 | D:7      | Found a glowing silver altar of Zin.
  6234 | D:7      | Noticed an angel
  6313 | D:8      | Found an iron altar of Okawaru.
  6329 | D:8      | Reached XP level 9. HP: 86/93 MP: 9/9
  6352 | D:8      | Reached skill level 1 in Throwing
  6470 | D:8      | Found a hide-covered altar of Uskayaw.
  6654 | D:8      | Reached skill level 7 in Maces & Flails
  7022 | D:9      | Reached skill level 5 in Fighting
  7211 | D:9      | Reached *** piety under Trog
  7212 | D:9      | Reached skill level 8 in Maces & Flails
  7212 | D:9      | Reached XP level 10. HP: 105/105 MP: 10/10
  7308 | D:9      | Found Duppar's Antique Armour Shop.
  7535 | D:9      | Reached skill level 9 in Maces & Flails
  7707 | D:9      | Noticed a two-headed ogre
  7715 | D:9      | Killed a two-headed ogre
  7848 | D:9      | Found Lucwod's Demolitions Depot.
  8246 | D:10     | Entered Level 10 of the Dungeon
  8373 | D:10     | Reached XP level 11. HP: 86/115 MP: 11/11
  8424 | D:10     | Reached **** piety under Trog
  8565 | D:10     | Found a staircase to the Lair.
  8797 | D:10     | Reached skill level 10 in Maces & Flails
  8897 | D:10     | Reached ***** piety under Trog
  8928 | D:10     | Found a staircase to the Orcish Mines.
  9046 | D:10     | Identified the +6 war axe of Darkness {drain, rCorr SInv}
  9337 | Orc:1    | Entered Level 1 of the Orcish Mines
  9577 | Orc:2    | Entered Level 2 of the Orcish Mines
  9577 | Orc:2    | Noticed an orc knight
  9577 | Orc:2    | Noticed an orc sorcerer
  9608 | Orc:2    | Killed an orc sorcerer
  9609 | Orc:2    | Reached skill level 1 in Axes
  9631 | Orc:2    | HP: 4/117 [orc priest/+2 vorpal flail (4)]
  9632 | Orc:2    | Demolished by an orc knight

Illustrated notes

Levels and vault maps discovered:
D:1:      dpeg_arrival_long_road, layout_loops_cross, serial_bayou_lagoon_b
D:2:      layout_basic, chequers_ecumenical_altar_simple
D:3:      layout_basic, mainiacjoe_overflow_brackets, serial_shops,
          nicolae_shop_bloodbath_and_beyond, uniq_terence, uniq_robin
D:4:      layout_loops_ring, lemuel_crystal_altar,
          minmay_temple_entry_statues_pillars, st_stairs_1, uniq_edmund
D:5:      layout_rooms, tgw_sif, water_boxes_lemuel
D:6:      layout_loops_corners, gup_sewer_entry_pipe, uniq_blork_the_orc
D:7:      layout_loops_corners, zin_angel, mainiacjoe_overflow_surrounded_room
D:8:      layout_basic, marbit_many_paths, lemuel_tele_altar, serial_rivers,
          chequers_serial_rivers_micro_e, chequers_serial_rivers_micro_e,
          chequers_serial_rivers_marsh, chequers_serial_rivers_micro_a,
          chequers_serial_rivers_micro_c, chequers_serial_rivers_micro_b
D:9:      kennysheep_six_static_rooms, layout_basic, serial_shops,
          nicolae_shop_hallway_plus, nicolae_blasting_shop, grunt_ministairs_6
D:10:     layout_basic, erik_lair_orcish_takeover, david_orc_4
Temple:   nicolae_temple_bog_church
Orc:1:    layout_caves, gammafunk_ghost_fury_of_okawaru,
          david_defended_altar_orc
Orc:2:    kennysheep_orc_mage_school, layout_caves, uniq_azrael

Skill      XL: |  1  2  3  4  5  6  7  8  9 10 11 |
---------------+----------------------------------+-----
Maces & Flails | 2 3 4 6 8 9 10 | 10.2
Shields        | 3 4 5 6 7 |  7.4
Dodging        | 3 4 5 6 |  6.9
Spellcasting   | 1 |  1.1
Fighting       | 3 4 5 6 |  6.6
Stealth        | 1 2 3 |  3.2
Throwing       | 1 |  1.7
Axes           | 2 |  2.2
Short Blades   | |  0.7

Action                   |  1- 3 |  4- 6 |  7- 9 | 10-12 || total
-------------------------+-------+-------+-------+-------++-------
Melee: Flail             |    75 |    30 |   269 |   297 ||   671
       Dagger            |    30 |    17 |       |       ||    47
       Whip              |       |   217 |       |       ||   217
       Headbutt          |       |       |    39 |    90 ||   129
       War axe           |       |       |       |    48 ||    48
Throw: Stone             |     1 |       |       |       ||     1
       Dart              |       |       |     4 |     5 ||     9
       Large rock        |       |       |     1 |       ||     1
  Use: Scroll            |       |     1 |    15 |     1 ||    17
       Potion            |       |     2 |     4 |     5 ||    11
 Stab: Sleeping          |       |     1 |     3 |     1 ||     5
       Distracted        |       |       |     3 |     1 ||     4
       Invisible         |       |       |       |     5 ||     5
Armor: Robe              |    26 |    61 |    64 |    89 ||   240
Dodge: Dodged            |    44 |    79 |   103 |   172 ||   398
Block: Kite shield       |    27 |   105 |   104 |   175 ||   411

Table legend: (Time is in decaauts)
 A = Elapsed time spent in this place.
 B = Non-inter-level travel time spent in this place.
 C = Inter-level travel time spent in this place.
 D = Time resting spent in this place.
 E = Time spent auto-exploring this place.
 F = Levels seen in this place.
 G = Mean time per level.
                   A        B        C        D        E       F      G
               +--------+--------+--------+--------+--------+-----+--------+
         Total |   9817 |   9526 |    291 |      0 |   4573 |  13 |  755.2 |
       Dungeon |   9333 |   9042 |    291 |      0 |   4421 |  10 |  933.3 |
        Temple |    174 |    174 |      0 |      0 |      0 |   1 |  174.0 |
  Orcish Mines |    309 |    309 |      0 |      0 |    152 |   2 |  154.5 |
               +--------+--------+--------+--------+--------+-----+--------+

Top non-repeatable levels by time:
     D:9: 1277 daAuts
    D:10: 1093 daAuts
     D:7: 1050 daAuts
     D:3: 1047 daAuts
     D:6: 980 daAuts
     D:4: 922 daAuts
     D:5: 883 daAuts
     D:8: 731 daAuts
     D:1: 707 daAuts
     D:2: 638 daAuts
   Orc:1: 245 daAuts
  Temple: 174 daAuts
   Orc:2: 63 daAuts
